 Dungeon Crawl Stone Soup version 0.30-a0-718-geaa24f58ff (webtiles) character file.

Game seed: 1363862746345479874

1488 Dirtsage the Changer (level 8, -1/62 HPs)
             Began as an Octopode Transmuter on Jan 25, 2023.
             Was an Initiate of the Shining One.
             Slain by Menkaure (9 damage)
             ... on level 7 of the Dungeon.
             The game lasted 00:17:04 (5562 turns).

Dirtsage the Changer (Octopode Transmuter)          Turns: 5562, Time: 00:17:05

Health: -1/62      AC:  8    Str:  9      XL:     8   Next: 80%
Magic:  6/11       EV: 10    Int: 15 (18) God:    the Shining One [......]
Gold:   288        SH:  0    Dex: 11 (12) Spells: 4/11 levels left

rFire   x . .      SeeInvis +      - Unarmed
rCold   + + +      Faith    .    (shield currently unavailable)
rNeg    + . .      Spirit   .    (helmet currently unavailable)
rPois   +          Reflect  .    (no amulet)
rElec   .          Harm     .    l - ring "Gept" {rPois rN+ rCorr}
rCorr   +          Rampage  .    S - ring of see invisible
Will    .....                    (no ring)
Stlth   +                        (no ring)
HPRegen 0.30/turn                (no ring)
MPRegen 0.12/turn                (no ring)
                                 (no ring)
                                 (no ring)

@: ice-form, wereblooded, glowing
A: freezing attack, boosted hp, almost no armour, amphibious, 8 rings, large,
(camouflage 1), (gelatinous body 1), (nimble swimmer 1), (tentacles)
a: End Transformation, Renounce Religion


You were on level 7 of the Dungeon.
You worshipped the Shining One.
The Shining One was noncommittal.
You were a creature of crystalline ice.
You visited 2 branches of the dungeon, and saw 8 of its levels.

You collected 288 gold pieces.

Inventory:

Magical Staves
 r - a staff of cold (melded)
Jewellery
 l - the ring "Gept" (left front paw) {rPois rN+ rCorr}
   (You acquired it on level 3 of the Dungeon)

   [ring of positive energy]

   rPois:     It protects you from poison.
   rN:        It protects you from negative energy.
   rCorr:     It protects you from acid and corrosion.
 S - a ring of see invisible (right front paw)
Wands
 o - a wand of charming (5)
Scrolls
 d - 11 scrolls of teleportation {unknown}
 e - a scroll of noise
 f - a scroll of magic mapping {unknown}
 g - a scroll of enchant armour
 h - 2 scrolls of poison
 i - 2 scrolls of identify
 j - a scroll of silence {unknown}
 n - a scroll of butterflies {unknown}
 p - a scroll of enchant weapon {unknown}
 q - a scroll of amnesia {unknown}
Potions
 a - a potion of flight {unknown}
 b - a potion of might {unknown}
 c - 3 potions of degeneration
 k - a potion of haste {unknown}
 m - a potion of attraction {unknown}


   Skills:
 + Level 3.0 Fighting
 - Level 2.0 Dodging
 + Level 4.1 Unarmed Combat
 - Level 2.0 Spellcasting
 * Level 7.1 Transmutations
 * Level 6.8 Ice Magic


You had 4 spell levels left.
You knew the following spells:

 Your Spells              Type           Power      Damage    Failure   Level
a - Beastly Appendage     Tmut           46%        N/A       1%          1
b - Wereblood             Tmut           23%        N/A       1%          2
c - Ice Form              Ice/Tmut       22%        N/A       13%         4

Your spell library contained the following spells:

 Spells                   Type           Power      Damage    Failure   Level
 Spider Form              Tmut/Pois      12%        N/A       16%         3
 Magic Dart               Conj           4%         1d3       22%         1
 Searing Ray              Conj           2%         2d4       32%         2
 Fulminant Prism          Conj/Hex       0%         3d5       91%         4


Dungeon Overview and Level Annotations

Branches:
Dungeon (7/15)             Temple (1/1) D:6

Altars:
Nemelex Xobeh
The Shining One

Shops:
D:6 **

Annotations:
D:7 Menkaure


Innate Abilities, Weirdness & Mutations

You are a creature of crystalline ice.
You have a powerful freezing melee attack.
Your maximum health is increased.
Your armour is entirely melded.
You are incapable of wielding weapons or throwing items.
You cannot wear most types of armour.
You are amphibious.
You can wear up to eight rings at the same time.
((Your skin changes colour to match your surroundings (Stealth+).))
((Your rubbery body absorbs attacks. (AC +1, EV +1)))
((You are camouflaged when in or above water. (Stealth+)))
((You have tentacles for arms and can constrict up to eight enemies at once.))


Message History

The orc throws a boomerang.
The boomerang hits you.
You take 1 damage, and have 38/62 hp.
You barely miss the orc.
The orc is moderately wounded.
Menkaure calls on the powers of darkness!
The orc convulses! x2; Your body is wracked with pain!
The orc convulses!
The orc hits you but does no damage. The orc closely misses you.
You hear a shout!
You take 16 damage, and have 22/62 hp.
MASSIVE DAMAGE!!
You punch the orc! You freeze the orc.
You feel a bit better.
You kill the orc!
The orc hits you but does no damage.
An orc comes into view. It is wielding a +0 trident.
You punch Menkaure! You freeze Menkaure.
Menkaure is moderately damaged.
The orc hits you but does no damage.
Menkaure calls on the powers of darkness!
Your body is wracked with pain!
* * * LOW HITPOINT WARNING * * *
The orc convulses! x3
You take 9 damage, and have 14/62 hp.
You punch Menkaure!
Menkaure is severely damaged.
The orc hits you but does no damage.
Menkaure gestures at you while chanting.
Pain shoots through your body!
* * * LOW HITPOINT WARNING * * *
You take 2 damage, and have 12/62 hp.
You hit Menkaure. You freeze Menkaure.
Menkaure is almost destroyed.
Menkaure calls on the powers of darkness!
Your body is wracked with pain!
* * * LOW HITPOINT WARNING * * *
The orc convulses!
The orc barely misses you.
You take 4 damage, and have 8/62 hp.
You hit Menkaure but do no damage.
Menkaure is almost destroyed.
You howl as the wereblood boils in your veins!
Menkaure hits you!
You die...

##..........#
.....>.....#
##..........#
##...........##
...........$..#
...............
...............
...o.oMY.......
##....o)##...#.
#....... .#
!.......##
.........
.........
.........
.........#


You could see Menkaure (fast) and 3 orcs.

Vanquished Creatures
  A hornet (D:6)
  Sigmund (D:2)
  An orc warrior (D:6)
  An ogre (D:4)
  A phantom (D:5)
  A bullfrog (D:7)
  A necrophage (D:5)
  A scorpion (D:6)
  A jelly (D:5)
  A gnoll bouda (D:5)
  2 orc priests
  5 hounds
  Ijyb (D:4)
  3 iguanas
  3 orc wizards
  8 adders
  4 gnolls (D:5)
  2 ufetubi (D:5)
  A worm (D:3)
  4 dart slugs
  16 orcs
  7 endoplasms
  7 giant cockroaches
  5 goblins
  5 hobgoblins
  13 jackals
  4 quokkas
  2 ball pythons
  2 bats (D:3)
  4 frilled lizards
  16 kobolds
  8 rats
132 creatures vanquished.

Vanquished Creatures (others)
  6 plants (D:1)
6 creatures vanquished.

Grand Total: 138 creatures vanquished

Notes
Turn   | Place    | Note
-------+----------+-------------------------------------------
     0 | D:1      | Dirtsage the Octopode Transmuter began the quest for the
                  | Orb.
     0 | D:1      | Reached XP level 1. HP: 13/13 MP: 3/3
   125 | D:1      | Reached skill level 1 in Ice Magic
   125 | D:1      | Reached XP level 2. HP: 18/18 MP: 5/5
   128 | D:1      | Learned a level 2 spell: Wereblood
   293 | D:1      | Reached XP level 3. HP: 7/23 MP: 2/6
   397 | D:1      | Found a faded altar of an unknown god.
   527 | D:1      | Reached skill level 3 in Transmutations
   872 | D:2      | Noticed Sigmund
   885 | D:2      | Killed Sigmund
   886 | D:2      | Reached skill level 4 in Transmutations
   886 | D:2      | Reached XP level 4. HP: 28/28 MP: 7/7
   886 | D:2      | Reached XP level 5. HP: 33/33 MP: 8/8
   891 | D:2      | Learned a level 4 spell: Ice Form
  1040 | D:2      | Reached XP level 6. HP: 35/38 MP: 7/9
  2031 | D:3      | Reached skill level 5 in Transmutations
  2260 | D:3      | Identified a scroll of acquirement
  2261 | D:3      | Acquired the ring "Gept" {rPois rN+ rCorr}
  2675 | D:4      | Reached skill level 5 in Ice Magic
  2675 | D:4      | Reached XP level 7. HP: 27/43 MP: 1/10
  2803 | D:4      | Noticed Ijyb
  2818 | D:4      | Killed Ijyb
  3017 | D:5      | Entered Level 5 of the Dungeon
  3425 | D:5      | Reached skill level 6 in Transmutations
  4232 | D:5      | Reached XP level 8. HP: 49/49 MP: 6/11
  4624 | D:6      | Found Fekk's Elemental Accessories.
  4642 | D:6      | Noticed a hornet
  4660 | D:6      | Killed a hornet
  4761 | D:6      | Reached skill level 7 in Transmutations
  4926 | D:6      | Found a staircase to the Ecumenical Temple.
  4976 | Temple   | Entered the Ecumenical Temple
  4983 | Temple   | Became a worshipper of the Shining One
  5383 | D:6      | Found Qedoec's CLEARANCE SALE!.
  5549 | D:7      | Noticed Menkaure
  5562 | D:7      | Slain by Menkaure

Illustrated notes

Levels and vault maps discovered:
D:1:      amcnicky_arrival_blooded_trapdoor, layout_rooms, serial_rivers,
          chequers_serial_rivers_micro_b, chequers_serial_rivers_small_a,
          chequers_serial_rivers_large_a, chequers_serial_rivers_marsh,
          shapermc_ecumenical_altar_acropolis, lexackson_kobold_supper
D:2:      layout_basic, uniq_sigmund
D:3:      layout_basic
D:4:      layout_cave_pools, uniq_ijyb
D:5:      layout_layer_cave
D:6:      layout_basic, minmay_temple_entry_grid, dk_noncrumbling_4,
          chequers_serial_rivers_micro_d, nicolae_elemental_shop,
          nicolae_shop_clearance
D:7:      layout_cave_pools, tgw_xom, serial_shops, shop, enter_ossuary_5,
          minmay_misc_feat_diagonals, hangedman_decor_points,
          grunt_decor_resistance, lightli_church_of_beogh, uniq_duvessa,
          uniq_menkaure, uniq_maggie, uniq_pikel
Temple:   regret_index_temple_sigil_plot

Skill      XL: |  1  2  3  4  5  6  7  8 |
---------------+-------------------------+-----
Ice Magic      | 1 3 5 6 |  6.8
Transmutations | 4 5 6 7 |  7.1
Fighting       | 3 |  3.0
Unarmed Combat | 4 |  4.1
Dodging        | |  2.0
Spellcasting   | |  2.0

Action                     |  1- 3 |  4- 6 |  7- 9 || total
---------------------------+-------+-------+-------++-------
  Melee: Unarmed           |    73 |   120 |   130 ||   323
         Constrict         |    22 |    20 |     2 ||    44
         Kick              |    12 |     7 |     1 ||    20
         Tentacles         |    12 |    16 |     1 ||    29
         Punch             |     1 |     1 |       ||     2
   Cast: Beastly Appendage |     8 |     9 |     2 ||    19
         Wereblood         |     4 |     3 |     4 ||    11
         Ice Form          |       |     7 |    19 ||    26
  Evoke: Wand              |       |       |     1 ||     1
    Use: Potion            |     1 |       |     3 ||     4
         Scroll            |       |     5 |       ||     5
   Stab: Sleeping          |       |     7 |     1 ||     8
         Distracted        |       |     1 |       ||     1
 Armour: Skin              |     6 |    22 |    42 ||    70
  Dodge: Dodged            |    33 |    45 |    59 ||   137

Table legend: (Time is in decaauts)
 A = Elapsed time spent in this place.
 B = Non-inter-level travel time spent in this place.
 C = Inter-level travel time spent in this place.
 D = Time resting spent in this place.
 E = Time spent auto-exploring this place.
 F = Levels seen in this place.
 G = Mean time per level.
                   A        B        C        D        E       F      G
               +--------+--------+--------+--------+--------+-----+--------+
         Total |   5544 |   5350 |    194 |    140 |   4283 |   8 |  693.0 |
       Dungeon |   5530 |   5342 |    188 |    140 |   4283 |   7 |  790.0 |
        Temple |     14 |      8 |      6 |      0 |      0 |   1 |   14.0 |
               +--------+--------+--------+--------+--------+-----+--------+

Top non-repeatable levels by time:
     D:5: 1520 daAuts
     D:6: 993 daAuts
     D:3: 858 daAuts
     D:1: 777 daAuts
     D:4: 705 daAuts
     D:2: 659 daAuts
  Temple: 14 daAuts
     D:7: 14 daAuts
